 Dungeon Crawl Stone Soup version 0.18.1-1-g2f07953 (webtiles) character file.

1646 moxian the Spear-Bearer (level 8, -4/65 HPs)
             Began as a Merfolk Gladiator on May 7, 2016.
             Slain by a sky beast (6 damage)
             ... on level 6 of the Dungeon.
             The game lasted 00:27:26 (7368 turns).

moxian the Spear-Bearer (Merfolk Gladiator)         Turns: 7368, Time: 00:27:27

Health: -4/65      AC:  4    Str: 20    XL:     8   Next: 99%
Magic:  8/8        EV: 16    Int:  8    God:
Gold:   245        SH:  0    Dex: 16    Spells: 0 memorised, 7 levels left

rFire  . . .     SeeInvis .     a - +0 trident
rCold  . . .     Gourm    .     b - +0 leather armour
rNeg   . . .     Faith    .     (no shield)
rPois  +         Spirit   .     c - +0 helmet
rElec  .         Dismiss  .     (no cloak)
rCorr  .         Reflect  .     (no gloves)
SustAt .         Harm     .     (no boots)
MR     .....                    (no amulet)
Stlth  +.........               (no ring)
                                q - ring of poison resistance

@: mighty, drained, not resistant to hostile enchantments, very unstealthy
A: change form in water, swift swim
a: no special abilities


You were on level 6 of the Dungeon.
You were not hungry.

You visited 2 branches of the dungeon, and saw 8 of its levels.
You also visited: Sewer.

You collected 245 gold pieces.

Inventory:

Hand Weapons
 a - a +0 trident (weapon)
 d - a +3 blowgun
 z - a +0 vampiric dagger
Missiles
 j - 157 stones (quivered)
 B - 18 poisoned needles
Armour
 b - a +0 leather armour (worn)
 c - a +0 helmet (worn)
Jewellery
 q - a ring of poison resistance (left hand)
Wands
 C - a wand of flame (30/48)
 D - a wand of random effects (21/48)
 F - a wand of flame (26/48)
Scrolls
 e - 2 scrolls of recharging {unknown}
 g - 3 scrolls of teleportation {unknown}
 k - a scroll of amnesia {unknown}
 l - a scroll of immolation {unknown}
 m - 2 scrolls of magic mapping {unknown}
 n - a scroll of enchant weapon {unknown}
 o - 2 scrolls of remove curse {unknown}
 p - 5 scrolls of identify {unknown}
 x - 2 scrolls of noise {unknown}
 y - 2 scrolls of blinking {unknown}
 E - a scroll of enchant armour {unknown}
Potions
 r - a potion of ambrosia {unknown}
 s - a potion of might
 t - 3 potions of flight {unknown}
 u - a potion of lignification {unknown}
 v - 2 potions of heal wounds {unknown}
 w - a potion of cancellation {unknown}
 A - 2 potions of degeneration {unknown}
Books
 H - a book of Changes

   Spells                             Type                      Level
   a - Beastly Appendage              Transmutation                1
   b - Sticks to Snakes               Transmutation                2
   c - Spider Form                    Transmutation/Poison         3
   d - Ice Form                       Ice/Transmutation            4
   e - Blade Hands                    Transmutation                5
Comestibles
 f - 8 bread rations
 i - 7 fruits


   Skills:
 + Level 6.6(5.8) Fighting
 + Level 9.3(8.4) Polearms
 + Level 5.7(4.9) Throwing
 + Level 7.9(7.1) Dodging


You had 7 spell levels left.
You didn't know any spells.

Dungeon Overview and Level Annotations

Branches:
Dungeon (7/15)             Temple (1/1) D:4

Altars:
Ashenzari
Cheibriados
Dithmenos
Elyvilon
Fedhas
Gozag
Kikubaaqudgha
Makhleb
Nemelex Xobeh
Okawaru
Pakellas
Qazlal
Ru
Sif Muna
Vehumet
Xom

Shops:
D:5 =

Annotations:
D:5 exclusions: sky beast, 2 steam dragons and 2 more exclusions
D:6 !nasty wight
D:7 Joseph


Message History

* * * LOW HITPOINT WARNING * * *
Something shocks you.
* * * LOW HITPOINT WARNING * * *
Drink which item? (? for menu, Esc to quit)
You feel better. Something hits you.
* * * LOW HITPOINT WARNING * * *
Something shocks you.
* * * LOW HITPOINT WARNING * * *
Drink which item? (? for menu, Esc to quit)
You feel better. Something hits you.
* * * LOW HITPOINT WARNING * * *
Something shocks you.
* * * LOW HITPOINT WARNING * * *
Drink which item? (? for menu, Esc to quit)
It was a potion of might.
You feel very mighty all of a sudden. Something hits you.
* * * LOW HITPOINT WARNING * * *
Something shocks you.
You die...

######.....#'
#....#.....#.
#....#.....#.
#....#....(#.
#....#.....#.
#....#.....#.
#########'#.....##
#.................
#@{.............<.
#..............[.[
#.................
#.................
########..........
#..........
#....>..((.
#..........
#..........


There were no monsters in sight!

Vanquished Creatures
  2 ogres
  A big kobold (Sewer)
  4 giant frogs
  A water moccasin zombie (D:6)
  2 scorpions (D:6)
  2 wights (D:6)
  A howler monkey (D:6)
  3 crimson imps
  2 jellies (D:6)
  An orc priest (D:7)
  A centaur skeleton (D:5)
  2 hounds
  An iguana (D:4)
  5 orc wizards
  4 worker ants
  Robin (D:4)
  A gnoll (D:1)
  8 adders
  2 river rats (D:6)
  3 shadow imps
  An ooze (D:4)
  6 worms
  A dart slug (D:2)
  4 giant geckos
  13 orcs
  8 giant cockroaches
  23 goblins
  10 hobgoblins
  16 jackals
  4 quokkas
  A ball python (D:5)
  11 bats
  A giant cockroach zombie (D:6)
  8 giant newts
  A jackal skeleton (D:6)
  10 kobolds
  15 rats
180 creatures vanquished.

Vanquished Creatures (others)
  An orc (D:7)
  A fungus (D:6)
2 creatures vanquished.

Grand Total: 182 creatures vanquished

Notes
Turn   | Place    | Note
--------------------------------------------------------------
     0 | D:1      | moxian the Merfolk Gladiator began the quest for the Orb.
     0 | D:1      | Reached XP level 1. HP: 16/16 MP: 1/1
   265 | D:1      | Reached skill level 5 in Polearms
   265 | D:1      | Reached XP level 2. HP: 12/23 MP: 2/2
   640 | D:1      | Reached XP level 3. HP: 29/29 MP: 3/3
   854 | D:2      | Found a stormy altar of Qazlal.
   857 | D:2      | Found a snail-covered altar of Cheibriados.
   860 | D:2      | Found a blossoming altar of Fedhas.
  1186 | D:2      | Reached XP level 4. HP: 24/35 MP: 4/4
  1387 | D:2      | Found a shimmering altar of Xom.
  2417 | D:3      | Reached XP level 5. HP: 39/42 MP: 5/5
  2441 | D:3      | Reached skill level 6 in Polearms
  2441 | D:3      | Reached skill level 5 in Dodging
  2910 | D:4      | Reached XP level 6. HP: 35/48 MP: 6/6
  3040 | D:4      | Noticed Robin
  3113 | D:4      | Killed Robin
  3501 | D:4      | Reached XP level 7. HP: 28/55 MP: 7/7
  3749 | D:4      | Reached skill level 7 in Polearms
  3896 | D:4      | Found a staircase to the Ecumenical Temple.
  3903 | Temple   | Entered the Ecumenical Temple
  4199 | D:5      | Entered Level 5 of the Dungeon
  4453 | D:5      | Reached skill level 5 in Fighting
  4594 | D:5      | Noticed a steam dragon
  4594 | D:5      | Noticed a steam dragon
  4725 | D:5      | Found a white marble altar of Elyvilon.
  4740 | D:5      | Found an iron altar of Okawaru.
  4783 | D:5      | Found Faulefy's Jewellery Boutique.
  4917 | D:5      | Found a blossoming altar of Fedhas.
  5344 | D:6      | Reached XP level 8. HP: 50/63 MP: 8/8
  5451 | D:6      | Reached skill level 8 in Polearms
  5927 | D:5      | Reached skill level 5 in Throwing
  5968 | D:6      | Found a glowing drain.
  5978 | Sewer    | Entered a sewer
  6238 | Sewer    | Found a white marble altar of Elyvilon.
  6705 | D:6      | Reached skill level 9 in Polearms
  7322 | D:7      | Noticed Joseph
  7368 | D:6      | HP: 2/65 [something (5)]
  7368 | D:6      | Slain by a sky beast

Skill      XL: |  1  2  3  4  5  6  7  8 |
---------------+-------------------------+-----
Polearms       | 5 6 7 9 |  9.3
Fighting       | 3 4 5 6 |  6.6
Dodging        | 5 6 7 |  7.9
Throwing       | 3 4 5 |  5.7

Action                   |  1- 3 |  4- 6 |  7- 9 || total
-------------------------+-------+-------+-------++-------
Melee: Trident           |    93 |   256 |   394 ||   743
       Tailslap          |       |       |     5 ||     5
Throw: Throwing net      |     1 |     3 |     1 ||     5
       Stone             |    11 |    53 |    65 ||   129
  Use: Potion            |       |     1 |     4 ||     5
 Stab: Sleeping          |       |     1 |     2 ||     3
       Held in net/web   |       |     1 |     2 ||     3
       Distracted        |       |       |     1 ||     1
  Eat: Chunk             |     1 |     8 |    11 ||    20
       Beef jerky        |       |       |     1 ||     1
Armor: Leather armour    |    23 |    44 |    65 ||   132
Dodge: Dodged            |    55 |   132 |   298 ||   485
